 Dungeon Crawl Stone Soup version 0.24.0-1-gfbc8707122 (webtiles) character file.

Game seed: 11408774535188577496, levelgen mode: deterministic

3209 Nivan the Thaumaturge (level 9, -5/74 HPs)
             Began as a Purple Draconian Conjurer on Oct 28, 2019.
             Was an Initiate of Vehumet.
             Slain by a hornet zombie (8 damage)
             ... on level 8 of the Dungeon.
             The game lasted 00:33:29 (9095 turns).

Nivan the Thaumaturge (Purple Draconian Conjurer)   Turns: 9095, Time: 00:33:30

Health: -5/74      AC:  9    Str: 10    XL:     9   Next: 65%
Magic:  14/21      EV: 15    Int: 19    God:    Vehumet [......]
Gold:   306        SH:  0    Dex: 12    Spells: 21/24 levels left

rFire    . . .     SeeInvis .   a - +2 mace (protect)
rCold    + . .     Gourm    .   (no shield)
rNeg     . . .     Faith    .   (armour unavailable)
rPois    .         Spirit   .   (helmet restricted)
rElec    .         Reflect  .   t - +0 cloak
rCorr    +         Harm     .   E - +0 pair of gloves
MR       +....                  (no boots)
Stlth    ++........             o - amulet of the acrobat
HPRegen  0.22/turn              p - ring of protection from cold
MPRegen  0.17/turn              e - ring of resist corrosion

@: lightly drained
A: breathe power, unfitting armour, cold-blooded, AC +7
a: Breathe Dispelling Energy, Renounce Religion


You were on level 8 of the Dungeon.
You worshipped Vehumet.
Vehumet was noncommittal.
You were hungry.

You visited 2 branches of the dungeon, and saw 9 of its levels.

You collected 306 gold pieces.

Inventory:

Hand Weapons
 a - a +2 mace of protection (weapon)
 b - a +5 dagger of flaming
 r - a +6 falchion
 v - a +4 great sword
 y - a +0 mace
 I - a +0 quarterstaff
Armour
 l - a +0 buckler
 t - a +0 cloak (worn)
 E - a +0 pair of gloves (worn)
Jewellery
 e - a ring of resist corrosion (right hand)
 o - an amulet of the acrobat (around neck)
 p - a ring of protection from cold (left hand)
 q - an uncursed ring of flight
Wands
 f - a wand of iceblast (9)
 K - a wand of digging (3)
Scrolls
 d - 3 scrolls of fog
 k - 3 scrolls of enchant armour
 m - 4 scrolls of remove curse
 n - 2 scrolls of identify
 s - a scroll of teleportation
 u - 2 scrolls of random uselessness
 G - a scroll of magic mapping
 J - a scroll of vulnerability {unknown}
 L - a scroll of enchant weapon
Potions
 c - a potion of berserk rage {unknown}
 g - 4 potions of curing {unknown}
 h - 2 potions of lignification {unknown}
 i - 3 potions of agility {unknown}
 j - 4 potions of flight {unknown}
 w - a potion of might {unknown}
 x - a potion of ambrosia {unknown}
 z - 3 potions of degeneration {unknown}
 A - 2 potions of mutation {unknown}
 B - a potion of brilliance {unknown}
 D - 2 potions of haste {unknown}
 F - a potion of invisibility {unknown}
 H - 3 potions of magic {unknown}
Comestibles
 C - 15 rations


   Skills:
 + Level 5.1(4.6) Fighting
 - Level 0.8(0.4) Short Blades
 + Level 1.4(1.0) Staves
 + Level 6.4(6.0) Dodging
 + Level 3.2(2.8) Stealth
 + Level 8.3(7.8) Spellcasting
 + Level 8.2(7.7) Conjurations


You had 21 spell levels left.
You knew the following spells:

 Your Spells              Type           Power        Failure   Level  Hunger
a - Magic Dart            Conj           ####         1%          1    None
b - Searing Ray           Conj           #####.       1%          2    None

Your spell library contained the following spells:

 Spells                   Type           Power        Failure   Level  Hunger
 Iskenderun's Mystic Bla  Conj           #####...     3%          4    ###....
 Dazzling Spray           Conj/Hex       ###...       5%          3    #......
 Force Lance              Conj/Tloc      ###.....     19%         4    ###....
 Fulminant Prism          Conj/Hex       ###.......   19%         4    ###....


Dungeon Overview and Level Annotations

Branches:
Dungeon (8/15)             Temple (1/1) D:7
   Lair: D:8-11

Altars:
Ashenzari
Cheibriados
Gozag
Hepliaklqana
Kikubaaqudgha
Okawaru
Qazlal
Sif Muna
Trog
Uskayaw
Vehumet
Wu Jian
Xom
Zin
The Shining One


Innate Abilities, Weirdness & Mutations

You can breathe bolts of dispelling energy.
Your rich purple scales are hard. (AC +7)
You cannot fit into any form of body armour.
You are cold-blooded and may be slowed by cold attacks.


Message History

a hornet corpse x2
You are too injured to fight recklessly!
You hit the hornet zombie but do no damage.
Your weapon exudes an aura of protection.
The hornet zombie is severely damaged.
The hornet zombie misses you. The hornet zombie barely misses you.
You barely miss the hornet zombie.
The hornet zombie is severely damaged.
The hornet zombie misses you. The hornet zombie hits you.
* * * LOW HITPOINT WARNING * * *
You hit the hornet zombie but do no damage.
Your weapon exudes an aura of protection.
The hornet zombie is severely damaged.
The hornet zombie closely misses you.
The hornet zombie hits you but does no damage.
You closely miss the hornet zombie.
Your tail-slap misses the hornet zombie.
The hornet zombie is severely damaged.
The hornet zombie hits you!
You die...

#.######..#..........>.#
#.# #.# ##.###.###....####
#.# #.#####<## ##.##....#
#.# #......##
#.#....##########.#
#######.##
##^....<.........#
##.#######...#############
####.#.##..##
#.#..###########
#.#.##@Z..†...†)#
#y#a#y#.########......
#### #### ..### ... ..# .#
.


You could see a hornet zombie.

Vanquished Creatures
  2 hornets (D:8)
  A soldier ant (D:8)
  3 ice beasts (D:6)
  4 orc warriors
  2 ogres
  A phantom (D:4)
  2 bullfrogs
  6 wights
  A howler monkey (D:4)
  A bullfrog zombie (D:6)
  A crimson imp (D:6)
  3 jellies
  A quasit (D:7)
  4 orc priests
  4 hounds
  11 orc wizards
  3 bullfrog skeletons
  2 iguanas
  6 worker ants
  2 hound zombies
  A hound skeleton (D:8)
  A worker ant zombie (D:6)
  15 gnolls
  5 adders
  A river rat (D:8)
  2 shadow imps
  An ooze (D:3)
  3 adder skeletons
  3 worms
  A dart slug (D:1)
  3 leopard geckos
  34 orcs
  4 giant cockroaches
  5 goblins
  3 hobgoblins
  3 jackals (D:2)
  7 kobolds
  4 quokkas
  2 ball pythons
  2 bats (D:3)
  7 frilled lizards
  A jackal skeleton (D:5)
  2 leopard gecko skeletons
  3 rats
173 creatures vanquished.

Vanquished Creatures (others)
  4 toadstools (D:1)
4 creatures vanquished.

Grand Total: 177 creatures vanquished

Notes
Turn   | Place    | Note
-------+----------+-------------------------------------------
     0 | D:1      | Nivan the Draconian Conjurer began the quest for the Orb.
     0 | D:1      | Reached XP level 1. HP: 14/14 MP: 3/3
   463 | D:1      | Reached XP level 2. HP: 20/20 MP: 0/5
   836 | D:2      | Noticed a +0 dagger
   838 | D:2      | Noticed a +0 dagger
   839 | D:2      | Found a hide-covered altar of Uskayaw.
  1290 | D:3      | Reached XP level 3. HP: 18/26 MP: 0/6
  1424 | D:3      | Reached skill level 5 in Conjurations
  2069 | D:3      | Found an iron altar of Okawaru.
  2086 | D:3      | Reached XP level 4. HP: 29/33 MP: 4/7
  2912 | D:3      | Reached XP level 5. HP: 39/39 MP: 2/9
  3082 | D:3      | Reached skill level 1 in Fighting
  3091 | D:3      | Found an ornate altar of the Wu Jian Council.
  3463 | D:3      | Reached XP level 6. HP: 47/47 MP: 5/11
  3949 | D:4      | Found a hazy altar of Hepliaklqana.
  4038 | D:4      | Your scales start taking on a rich purple colour.
  4038 | D:4      | Reached XP level 7. HP: 14/55 MP: 1/14
  4451 | D:4      | Reached skill level 5 in Spellcasting
  4976 | D:4      | Found a glowing silver altar of Zin.
  4980 | D:4      | Found a stormy altar of Qazlal.
  5169 | D:5      | Entered Level 5 of the Dungeon
  5686 | D:5      | Reached XP level 8. HP: 63/63 MP: 12/16
  5824 | D:6      | Learned a level 2 spell: Searing Ray
  6379 | D:6      | Reached skill level 5 in Dodging
  7567 | D:7      | Reached XP level 9. HP: 55/71 MP: 14/19
  7812 | D:7      | Found a bloodstained altar of Trog.
  8075 | D:7      | Found a staircase to the Ecumenical Temple.
  8086 | Temple   | Entered the Ecumenical Temple
  8094 | Temple   | Became a worshipper of Vehumet
  8639 | D:8      | Reached skill level 1 in Staves
  8964 | D:8      | Reached skill level 5 in Fighting
  9091 | D:8      | HP: 2/74 [hornet zombie (5)]
  9095 | D:8      | Slain by a hornet zombie

Levels and vault maps discovered:
D:1:      ldierk_walled_garden_2, layout_loops_cross, roderic_nine_men_s_morris,
          minmay_misc_feat_square
D:2:      layout_loops_ring, dancing_weapons_uskayaw, minmay_misc_feat_rows
D:3:      layout_basic, lemuel_crystal_altar, okawaru_ov_weapons_minmay,
          serial_park_tiny_pond
D:4:      layout_cave_pools, lemuel_round_altar, grunt_temple_overflow_open,
          first_ration
D:5:      layout_basic
D:6:      layout_gridville
D:7:      layout_basic, nicolae_overflow_crystal_walls,
          minmay_temple_entry_mist, chequers_serial_rivers_room_b
D:8:      layout_loops_ring, yredelemnul_altar_generic, dpeg_lair_monsters,
          hangedman_pestilent_swarm
Temple:   eino_temple_lava

Skill      XL: |  1  2  3  4  5  6  7  8  9 |
---------------+----------------------------+-----
Dodging        | 2 3 4 5 6 |  6.4
Conjurations   | 5 6 7 8 |  8.2
Stealth        | 2 3 |  3.2
Spellcasting   | 3 4 5 6 8 |  8.3
Fighting       | 1 2 3 4 5 |  5.1
Staves         | 1 |  1.4
Short Blades   | |  0.8

Action                   |  1- 3 |  4- 6 |  7- 9 || total
-------------------------+-------+-------+-------++-------
Melee: Unarmed           |    16 |       |       ||    16
       Club              |    53 |       |       ||    53
       Tailslap          |    10 |    17 |    27 ||    54
       Mace              |    15 |   118 |   165 ||   298
       Dagger            |       |     9 |       ||     9
       Quarterstaff      |       |       |    15 ||    15
 Cast: Magic Dart        |    79 |    97 |   289 ||   465
       Searing Ray       |       |       |    21 ||    21
  Use: Scroll            |       |       |    11 ||    11
  Eat: Chunk             |     5 |     6 |    16 ||    27
Armor: Skin              |    25 |    54 |   118 ||   197
Dodge: Dodged            |    99 |   133 |   373 ||   605
